[Event "Turkish Championship 2022"]
[Site "Kemer-Antalya"]
[Date "2022.11.30"]
[Round "6.1"]
[White "Yavuz, Efe Metehan"]
[Black "Yilmazyerli, Mert"]
[Result "1/2-1/2"]
[ECO "A01"]
[WhiteElo "2256"]
[BlackElo "2534"]
[Annotator "TA"]
[PlyCount "178"]
[EventDate "2022.11.25"]
[EventCountry "TUR"]
[SourceTitle "playchess.com"]
[Source "ChessBase"]
[SourceQuality "1"]
[TimeControl "40/5400+30:1800+30"]

1. b3 e5 2. Bb2 Nc6 3. e3 Nf6 4. Nf3 e4 5. Nd4 Nxd4 6. Bxd4 d5 {[%emt 0:00:00] A01: Nimzowitsch-Larsen Opening.} 7. c4 c5 8. Bxf6 Qxf6 {[%emt 0:00:30] White is slightly better.} 9. Nc3 d4 10. Nxe4 Qe5 11. Bd3 dxe3 12. dxe3 Bf5 13. f4 $1 Qe6 14. Qc2 {[%emt 0:07:30] [#]} Rd8 $146 ({Predecessor:} 14... g6 15. O-O-O O-O-O 16. Rhe1 Qe7 17. Nc3 Be6 18. Be4 Bg7 19. Bd5 Bd7 20. e4 Qf6 {1-0 (44) Perini,G (2242)-Deneuville,C (2206) ICCF email 2014}) 15. O-O-O Be7 {[%emt 0:11:30][%cal Od8d3] aiming for ...Rxd3!} 16. Nf2 Qxe3+ 17. Kb1 Bc8 {[%emt 0:12:30] [#]} 18. g3 (18. Bxh7 Rxd1+ 19. Nxd1 (19. Rxd1 $2 g6 $19) 19... Qxf4 $17) 18... Qf3 19. Rhe1 (19. Bxh7 $2 Rxd1+ 20. Rxd1 g6 21. Bxg6 (21. Rd3 $2 Qg2 $19) 21... Rxh2 $19) (19. Be4 {simplifies} Rxd1+ 20. Nxd1 Qh5 21. Re1) 19... Kf8 (19... Qc6 $142) 20. Bf5 $16 (20. Bxh7 $2 g6 21. Bxg6 (21. Rxd8+ $2 Bxd8 22. Qd2 Be7 $19) 21... Rxh2 22. Rxd8+ Bxd8 $19) 20... Rxd1+ 21. Rxd1 Qc6 22. Ng4 (22. Bxh7 $2 g6 23. Qe2 Rxh7 $19) (22. Bxc8 $18 Qxc8 23. Qd3) 22... Bxf5 23. Qxf5 g6 {[%emt 0:00:00] [#]} 24. Qd5 (24. Qe5 f6 25. Qe2 h5 $16) (24. Qd7 $142 $1) 24... Qxd5 25. Rxd5 {[%emt 0:00:38][%mdl 4096] Endgame KRB-KRN} Ke8 {[%emt 0:00:07] Prevents Rd7.} 26. Ne5 f6 27. Nd7 b6 28. Nb8 $1 Kf7 ({Black should try} 28... Rf8) 29. Nc6 Ke6 {[%emt 0:00:35] Against Rd7} 30. g4 {[%emt 0:01:53] White has more active pieces.} (30. Nxa7 Rd8 $14) ({White should play} 30. Rd2 $16) 30... Bd6 $1 $14 31. f5+ (31. Nxa7 Bxf4 32. h3 h5 $17) 31... gxf5 32. gxf5+ (32. Nxa7 $2 fxg4 33. Rd2 f5 34. Re2+ Kf6 $19) 32... Kd7 33. Nxa7 Ke7 $1 34. b4 (34. h4 $14) 34... cxb4 35. Nc6+ Kd7 36. Nxb4 Kc7 37. a3 Bxh2 38. Rb5 Be5 39. Nd5+ Kc6 40. Rxb6+ Kc5 41. Re6 (41. Kc2 {with more complications.} h5 42. Kd3 h4 43. Rb5+) 41... Rf8 42. Re7 Kxc4 43. Nb6+ Kb3 {[%emt 0:05:06] ...Rg8 is the strong threat.} 44. Rxh7 {[%emt 0:07:13] Strongly threatening Rh3+.} Rg8 45. Rh3+ (45. Kc1 $11) 45... Bc3 $15 {[%emt 0:01:05][%cal Rg8g1][%mdl 1024] Black has compensation.} 46. Rh1 {[%emt 0:00:09] Prevents Rg1+.} Rd8 $1 {[%emt 0:01:01][%cal Od8d2] Prevents Nd5. Hoping for ...Rd2!} 47. Kc1 {[%emt 0:01:31] Inhibits Rd2.} Bb2+ ({Of course not} 47... Kxa3 48. Kc2 Be5 49. Nc4+ Kb4 50. Nxe5 fxe5 51. Re1 $11) (47... Rd6 $1 $15 48. Nc8 Bb2+ 49. Kb1 Rd8) 48. Kb1 $11 Rd2 {[%emt 0:00:48][%cal Ob2c3] Threatens to win with ...Bc3!} 49. Rf1 ({Better is} 49. Rh3+ $11 Bc3 50. Kc1) 49... Bc3 $15 (49... Kxa3 50. Nc4+ Ka4 51. Nxd2 $18) ({Don't play} 49... Bxa3 50. Rf3+ Kb4 51. Rxa3 $11) 50. Kc1 $1 Rd6 (50... Kxa3 51. Nc4+ Kb4 52. Nxd2 $18) 51. Nc8 Bb2+ 52. Kb1 Rd2 (52... Rd3 $15) 53. Ne7 {[%emt 0:00:59] The position is equal.} Bc3 54. Kc1 Rd7 55. Ng6 Rd4 56. Rf3 Re4 57. Rf1 Re2 58. Nf4 Rc2+ (58... Ra2 $5 59. Kd1 $8 Kc4 $11) 59. Kd1 Rd2+ 60. Kc1 Ra2 61. Kd1 Kc4 62. Rf3 Rxa3 63. Ke2 Ra2+ 64. Kf1 Bd4 65. Ne2 Be5 66. Rh3 Rc2 67. Ra3 Kd5 68. Ra4 Rc8 69. Kf2 Rh8 70. Nf4+ Bxf4 71. Rxf4 $11 {[%emt 0:00:00] KR-KR} Ke5 72. Ra4 Kxf5 73. Ra5+ Kg4 74. Ra4+ Kg5 75. Kg3 Rb8 76. Ra3 f5 77. Rc3 Rb4 78. Ra3 Rg4+ 79. Kf3 Rh4 80. Kg3 {[%emt 0:00:19] Prevents Rh3+.} f4+ 81. Kg2 Kg4 82. Ra8 f3+ 83. Kg1 Kg3 {[%emt 0:00:06] ( -> ...f2+)} 84. Rg8+ Rg4 85. Rxg4+ Kxg4 86. Kf2 Kf4 87. Kf1 Ke3 (87... Kg3 $5 88. Kg1 $8 Kh4 $11) 88. Ke1 f2+ 89. Kf1 Kf3 {[%emt 0:00:05] Blacks defense is rewarded with a draw.   Weighted Error Value: White=0.10 (very precise) /Black=0.08 (flawless)} 1/2-1/2

[Event "Turkish Championship 2022"]
[Site "Kemer-Antalya"]
[Date "2022.11.30"]
[Round "6.2"]
[White "Koksal, Ege"]
[Black "Kilic, Eray"]
[Result "1/2-1/2"]
[ECO "D85"]
[WhiteElo "2321"]
[BlackElo "2437"]
[Annotator "TA"]
[PlyCount "60"]
[EventDate "2022.11.25"]
[EventCountry "TUR"]
[SourceTitle "playchess.com"]
[Source "ChessBase"]
[SourceQuality "1"]
[TimeControl "40/5400+30:1800+30"]

1. d4 Nf6 2. c4 g6 3. Nc3 d5 4. cxd5 Nxd5 5. e4 Nxc3 6. bxc3 Bg7 7. Nf3 c5 8. h3 O-O 9. Be2 b6 10. Be3 $1 {[%emt 0:03:30] 10.Be3 is better than 10.0-0. D85: Exchange Grünfeld: Unusual White 7th moves and lines with 7 Nf3.} Bb7 11. Qd3 (11. dxc5 Bxc3+ 12. Bd2 Bxa1 13. Qxa1 Nd7 $17) 11... cxd4 12. cxd4 Nc6 13. O-O Rc8 14. Rac1 Qd7 (14... e6 $11) 15. d5 $1 $14 Na5 {[%emt 0:07:30] [#]} 16. Bd4 $146 ({Predecessor:} 16. Nd4 Qa4 17. Qd2 Rfd8 18. Bb5 Qa3 19. Rxc8 Rxc8 20. Nc6 a6 21. Nxa5 Bc3 22. Qd3 Qxa5 {1-0 (44) Grachev,B (2543)-Nechepurenko,R (2439) Moscow 2006}) 16... Bxd4 17. Qxd4 Qd6 18. Ne5 Qf6 (18... Rxc1 $11 19. Rxc1 f6) 19. Bg4 $16 Rxc1 ({Better is} 19... Rc4 $14 20. Rxc4 (20. Nxc4 $2 {perishes.} Qxd4 21. Nxa5 bxa5 $19) 20... Nxc4) 20. Rxc1 h5 21. Be2 ({White should play} 21. Bd7 $1) 21... Rd8 {[%emt 0:02:30] [#]} (21... Rc8 $16 22. Rxc8+ Bxc8) 22. Rc7 (22. Rc3 $1 $18) 22... Rc8 23. Rxc8+ Bxc8 24. Qc3 Bb7 (24... Bd7 $1 $14) 25. Bb5 Kg7 26. Be8 {[%emt 0:03:29] White is much more active.} (26. Qc7 $16) 26... Ba6 $11 {[%emt 0:03:01][%cal Oa5c4] The position is equal.} 27. Qc7 {[%emt 0:04:49] Inhibits Nc4.} (27. Bxf7 {[#]} Nc4 $1 28. Bxg6 Qxe5 29. Qxe5+ Nxe5 30. Bxh5 Bc4 $19) 27... Qf4 28. Qxe7 {[%emt 0:07:15] Strongly threatening g3.} (28. Qc3 $5 Qf6 $8 29. Qb2 $11 (29. Bxf7 Nc4 $17)) 28... Qc1+ 29. Kh2 {[%emt 0:00:00] Dancing on a razor blade.} Qf4+ 30. Kg1 {[%emt 0:00:12] Threatens to win with g3.} (30. Kh1 $5) 30... Qc1+ {[%emt 0:00:00] Weighted Error Value: White=0.17 (very precise) /Black=0.21 (precise)} 1/2-1/2

[Event "Turkish Championship 2022"]
[Site "Kemer-Antalya"]
[Date "2022.11.30"]
[Round "6.3"]
[White "Yaran, Siar"]
[Black "Ozsakallioglu, Okan"]
[Result "1/2-1/2"]
[ECO "D17"]
[WhiteElo "2291"]
[BlackElo "2288"]
[Annotator "TA"]
[PlyCount "44"]
[EventDate "2022.11.25"]
[EventCountry "TUR"]
[SourceTitle "playchess.com"]
[Source "ChessBase"]
[SourceQuality "1"]
[TimeControl "40/5400+30:1800+30"]

1. d4 d5 2. c4 c6 3. Nc3 Nf6 4. Nf3 dxc4 5. a4 Bf5 6. Ne5 e6 7. f3 Bb4 8. e4 Bxe4 9. fxe4 Nxe4 10. Bd2 Qxd4 11. Nxe4 Qxe4+ {[%emt 0:00:00] D17: Slav Defence: 5 a4 Bf5: Lines with 6 Nh4 and 6 Ne5.} 12. Qe2 Bxd2+ 13. Kxd2 Qd5+ {[%emt 0:00:30] The position is equal.} 14. Kc1 {[%emt 0:02:00] Active counter play!} Na6 15. Ra3 {[%emt 0:00:30] [#]} Rd8 $146 ({Predecessor:} 15... Nb4 16. Qxc4 Qxe5 17. Qxb4 O-O-O 18. Rb3 Rd7 19. Bd3 Qg5+ 20. Kb1 Rhd8 21. Rc1 Rc7 {1-0 (55) Bernado Lopez,R (2315)-Deodhar,V (1984) Barbera del Valles 2022}) 16. Qe1 {[%emt 0:08:30] Against c3} Nb4 $1 {[%emt 0:00:30][%cal Ob7b5] Threatens to win with ...b5!} 17. Bxc4 Qxg2 18. Rc3 {[%emt 0:00:30][%cal Oe5f7] Against Qc2+. Hoping for Nxf7!} Rd2 {[%emt 0:12:30] ...Rc2+ is the strong threat.} 19. Rg1 ({Don't play} 19. Qxd2 Qxh1+ 20. Qd1 Qxd1+ 21. Kxd1 Ke7 $15) 19... Rc2+ 20. Kd1 {[%emt 0:00:34] [#]} (20. Kb1 $5 Rxb2+ 21. Kc1 Rc2+ 22. Kb1 Rb2+ 23. Kc1 Rc2+ 24. Kb1 $11) 20... Rd2+ 21. Kc1 $1 $11 {[%emt 0:00:00][%cal Og1g2][%mdl 64] The board is on fire.} Rc2+ (21... Qxh2 $11 22. Nxf7 Rc2+ 23. Kb1 Rxb2+ 24. Kc1 Rc2+ 25. Kb1 Rb2+ 26. Kc1 Rc2+ 27. Kb1 Rb2+) 22. Kd1 $15 Rd2+ {[%emt 0:00:00] A balanced but interesting game.   Weighted Error Value: White=0.06 (flawless) /Black=0.08 (flawless)} 1/2-1/2

[Event "Turkish Championship 2022"]
[Site "Kemer-Antalya"]
[Date "2022.11.30"]
[Round "6.4"]
[White "Agdelen, Huseyin Can"]
[Black "Yilmaz, Mustafa"]
[Result "1/2-1/2"]
[ECO "C47"]
[WhiteElo "2416"]
[BlackElo "2621"]
[Annotator "TA"]
[PlyCount "60"]
[EventDate "2022.11.25"]
[EventCountry "TUR"]
[SourceTitle "playchess.com"]
[Source "ChessBase"]
[SourceQuality "1"]
[TimeControl "40/5400+30:1800+30"]

1. e4 e5 2. Nf3 Nc6 3. Nc3 Nf6 4. d4 exd4 5. Nxd4 Bb4 6. Nxc6 bxc6 7. Bd3 d5 8. exd5 O-O 9. O-O cxd5 10. Bg5 c6 11. Qf3 Bd6 {[%emt 0:02:30] 11...h6 is setting a new trend.} 12. Rae1 Rb8 13. Nd1 h6 {[%emt 0:05:30] C47: Scotch Four Knights and Four Knights with 4 g3.} 14. Bxf6 Qxf6 15. Qxf6 gxf6 16. b3 Be6 17. Ne3 Rfe8 18. Nf5 Bxf5 19. Bxf5 Re5 {[%emt 0:01:30] [#]} 20. Bg4 $146 ({Predecessor:} 20. Bd7 Rb5 21. g4 h5 22. h3 Ra5 23. a4 Rc5 24. Bf5 Rc3 25. Kg2 Kg7 26. Bd3 {½-½ (32) Butnorius,A (2518)-Akdag,M (2559) ICCF email 2013}) 20... Rb5 21. Rd1 Rb4 22. Bf3 Bc5 23. Rd3 Re6 24. g3 f5 25. Kg2 a5 26. a4 f4 27. Rfd1 fxg3 28. hxg3 Kg7 29. Rh1 Rd4 30. Rxd4 Bxd4 {[%emt 0:00:34] Weighted Error Value: White=0.03 (flawless) /Black=0.04 (flawless)} 1/2-1/2

[Event "Turkish Championship 2022"]
[Site "Kemer-Antalya"]
[Date "2022.11.30"]
[Round "6.5"]
[White "Isik, Alparslan"]
[Black "Gokbulut, Julia"]
[Result "1-0"]
[ECO "E05"]
[WhiteElo "2463"]
[BlackElo "1912"]
[Annotator "TA"]
[PlyCount "89"]
[EventDate "2022.11.25"]
[EventCountry "TUR"]
[SourceTitle "playchess.com"]
[Source "ChessBase"]
[SourceQuality "1"]
[TimeControl "40/5400+30:1800+30"]

1. Nf3 Nf6 2. c4 e6 3. g3 Be7 4. Bg2 O-O 5. O-O d5 6. d4 dxc4 7. Ne5 Nc6 8. Nxc6 bxc6 9. Na3 Rb8 {[%emt 0:07:30] E05: Open Catalan: 5 Nf3 Be7.} (9... Bxa3 $11 10. bxa3 Ba6) 10. Nxc4 $16 c5 11. dxc5 Bxc5 {[%emt 0:00:30] White is slightly better.} 12. Qc2 {[%emt 0:02:30] [#]} Qe7 $146 ({Predecessor:} 12... Bb7 13. Rd1 Qc8 14. Na5 Bxg2 15. Qxc5 Bd5 16. Rxd5 Nxd5 17. Nc6 Qb7 18. Nxb8 Rxb8 {1-0 (58) Tammert,I (2313)-Nabavi,P (2207) Baden 2018}) 13. b3 Bb7 14. Bb2 Bxg2 15. Kxg2 Nd7 16. Rac1 f6 {[%emt 0:11:30] Inhibits Ne5.} 17. Rfd1 Rbc8 18. Na5 {[%emt 0:06:30][%cal Od1d7,Bc4a5,Ba5c6,Bc6d4,Bd4f5][%mdl 32] [#] Strongly threatening Rxd7!} Bb6 19. Nc6 Qe8 20. Qc4 Kh8 21. a4 {[%emt 0:02:30] aiming for Ba3. White is much more active.} Nc5 22. Nd4 $36 {[%emt 0:01:30][%mdl 2048] White is on the roll.} e5 23. Nf5 {[%emt 0:00:00] Hoping for Ba3.} Ne6 $2 {[%emt 0:03:30][%mdl 8192] [#] A mistake that costs the game.} (23... Qe6 $16 {is more resistant.}) 24. Ba3 $1 $18 c5 25. Nd6 Qc6+ 26. f3 Nd4 (26... Rce8 {was called for.} 27. Nxe8 Rxe8) 27. Nxc8 {[%emt 0:00:00] White is clearly winning.} Rxc8 28. a5 {[%emt 0:01:30] Against h6} Bxa5 29. Qxc5 Qxc5 30. Rxc5 ({Not} 30. Bxc5 Nxb3 31. Be3 Nxc1 32. Rxc1 Rxc1 33. Bxc1 Bb6 $17) 30... Rxc5 31. Bxc5 {[%emt 0:00:00][%mdl 4096] Endgame KRB-KBN} Ne6 32. Bxa7 {[%emt 0:00:30] Rd6 is the strong threat.} Bb4 33. Be3 h5 34. Bd2 Be7 35. b4 Nd4 36. e3 {[%emt 0:00:30] Inhibits g5.} Nb5 37. Ra1 Kg8 38. Kf2 Kf7 39. Ke2 Ke6 40. Kd3 Bd8 41. Ra6+ Kd7 42. Kc4 Nc7 43. Ra1 Kc6 44. b5+ Kb7 45. Ba5 {[%emt 0:00:00] Weighted Error Value: White=0.14 (very precise) /Black=0.44} 1-0

[Event "Turkish Championship 2022"]
[Site "Kemer-Antalya"]
[Date "2022.12.01"]
[Round "7.1"]
[White "Gokbulut, Yulia"]
[Black "Yavuz, Efe Metehan"]
[Result "0-1"]
[ECO "A40"]
[WhiteElo "1912"]
[BlackElo "2256"]
[Annotator "TA"]
[PlyCount "66"]
[EventDate "2022.11.25"]
[EventCountry "TUR"]
[SourceTitle "playchess.com"]
[Source "ChessBase"]
[SourceQuality "1"]
[TimeControl "40/5400+30:1800+30"]

1. d4 e6 2. c4 b6 3. Nc3 Bb7 4. e4 Bb4 5. d5 Na6 ({Black should try} 5... Qe7 $11) 6. Bd3 {[%emt 0:01:30] A40: Unusual replies to 1 d4.} (6. Nge2 $1 $14) 6... Bxc3+ $11 7. bxc3 Qf6 8. Ne2 {[%emt 0:02:00] The position is equal.} g5 (8... Nc5 $11) 9. O-O e5 {[%emt 0:00:30] Prevents f4.} 10. Be3 Ne7 11. f4 gxf4 (11... exf4 $2 12. Bd4 Qh6 13. Bxh8 $18) 12. Nxf4 {[%emt 0:00:30][%mdl 64] [#] Threatens to win with Nh5.} exf4 $146 (12... Qg5 $16) ({Predecessor:} 12... Qd6 13. Nh5 O-O-O 14. Rf6 Qa3 15. Qb3 Qa5 16. Bc2 Rdf8 17. a3 Ng8 18. Rf5 d6 {1-0 (30) Krueger,P-Zander,O Hamburg 1921}) 13. Bd4 $18 {[%emt 0:00:30][%mdl 64] Skewer, Deflection} Qg5 14. Bxh8 f6 {[%emt 0:00:00] Inhibits e5.} (14... O-O-O $142) 15. Bxf6 $2 Qxf6 $16 16. Qh5+ Qg6 {[%emt 0:01:00] [#]} (16... Qf7 $16 17. Qxf7+ Kxf7) 17. Qh4 $1 $18 {[%emt 0:02:30][%mdl 1024] White has strong compensation.} (17. Qe5 $6 Nc5 18. Be2 (18. Qxc7 Nxd3 19. Qxb7 Rc8 $17) 18... d6 19. Qxf4 O-O-O $11) 17... Qd6 18. e5 $1 (18. Rxf4 Ng6 19. Qxh7 Nxf4 $17) (18. Qxf4 Qxf4 19. Rxf4 Ng6 $15) (18. Qxh7 O-O-O $11) 18... Qc5+ 19. Kh1 {[%emt 0:00:30] Black must now prevent Qh5+.} O-O-O 20. Qxh7 $2 ({Don't take} 20. Qxf4 $6 b5 $16) (20. Rxf4 $18 Nxd5 21. cxd5 Qxd5 22. Be4 (22. Bxh7 $2 Qxg2#) 22... Qxe5 23. Bxb7+ (23. Bxh7 Qxc3 24. Qf6 Qe3 $14) 23... Kxb7 24. Qxd8 Qxf4 25. Qxd7) 20... b5 $11 21. d6 cxd6 22. cxb5 (22. Qxe7 $2 {too greedy.} Bxg2+ 23. Kxg2 Rg8+ 24. Kh3 Qe3+ 25. Kh4 f3 $19) (22. exd6 $11 Qxd6 23. Be4) 22... Qd5 $1 $15 {[%emt 0:01:34][%csl Gb7][%cal Rd5g2] Chess con chili.} 23. Rf3 $2 {[%emt 0:11:33] This move loses the game for White.} (23. Be4 $17 {was the only chance.} Qxe4 24. Qxe4 Bxe4 25. exd6) 23... Nc5 $19 24. Qxe7 {[%emt 0:06:14] Strongly threatening Bf1.} Nxd3 25. exd6 $2 (25. Qxd6 Qxd6 26. exd6 Bxf3 27. gxf3) 25... Ne5 ({Inferior is} 25... Qxb5 26. Qe2 Bxf3 27. Qxf3 $17) 26. Rf2 f3 27. g3 (27. Qh4 $19 Rg8 28. a3) 27... Ng4 {[%emt 0:00:44] Black mates.} 28. Qe1 Nxf2+ 29. Qxf2 Re8 30. c4 {[%emt 0:01:55] [#]} Qd4 $3 31. Qxd4 {[%emt 0:00:35] [#]} Re1+ $3 {[%emt 0:01:18][%mdl 576] Promotion} 32. Rxe1 f2+ 33. Qd5 fxe1=Q+ {[%emt 0:00:09] Weighted Error Value: White=0.77/Black=0.31} (33... Bxd5+ $142 34. cxd5 fxe1=Q+ 35. Kg2 Qe2+ 36. Kh3 Qxa2 37. Kh4 Qxd5 38. Kg4 Qxb5 39. Kh4 a5 40. g4 a4 41. g5 a3 42. g6 a2 43. g7 Qc4+ 44. Kg5 a1=Q 45. g8=Q+ Qxg8+ 46. Kf5 Qe6+ 47. Kf4 Qd4+ 48. Kg5 Qdg4#) 0-1

[Event "Turkish Championship 2022"]
[Site "Kemer-Antalya"]
[Date "2022.12.01"]
[Round "7.2"]
[White "Yilmaz, Mustafa"]
[Black "Isik, Alparslan"]
[Result "0-1"]
[ECO "A29"]
[WhiteElo "2621"]
[BlackElo "2463"]
[Annotator "TA"]
[PlyCount "150"]
[EventDate "2022.11.25"]
[EventCountry "TUR"]
[SourceTitle "playchess.com"]
[Source "ChessBase"]
[SourceQuality "1"]
[TimeControl "40/5400+30:1800+30"]

1. c4 e5 2. g3 Nf6 3. Bg2 Bc5 4. d3 O-O 5. Nf3 d6 6. O-O Nc6 7. Nc3 Re8 8. e3 {[%emt 0:04:30] A29: English Opening: Four Knights Variation with 4 g3.} Bf5 {[%emt 0:05:30] [#]} 9. d4 $146 ({Predecessor:} 9. Na4 Bb6 10. Nxb6 axb6 11. a3 Nb4 12. e4 Bd7 13. Be3 Nc6 14. b4 Ne7 15. Bg5 {½-½ (35) Gonzalez,A (1761)-Galeano,O (1591) Bogota 2016}) 9... Bb6 10. d5 {[%emt 0:09:30] The position is equal.} Ne7 11. Nh4 Bg4 12. Qc2 Qd7 13. Na4 e4 14. Nxb6 (14. b4 $11) 14... axb6 $15 15. f3 {[%emt 0:01:30] Prevents b5.} exf3 16. Nxf3 Bf5 {[%emt 0:03:30] Inhibits b3.} 17. Qc3 Bh3 18. Nd4 Bxg2 19. Kxg2 c6 (19... Ne4 20. Qc2 Nf6 21. Kg1 $17) 20. dxc6 bxc6 21. b3 Ra5 22. a4 Rh5 {[%emt 0:00:30] Hoping for ...Qh3+.} (22... Ne4 23. Qc2 Ng6 24. Ba3 $17) 23. Kg1 Qh3 (23... c5 $19 24. Nf3 d5) 24. Qc2 $17 c5 25. Nb5 Nf5 {[%emt 0:03:30][%cal Of5g3,Be7f5,Bf5e3,Be3c2,Bc2d4,Bd4f3,Bf3d2,Bd2e4][%mdl 32] aiming for ...Nxg3!} 26. Qg2 Qxg2+ (26... Nxe3 $6 27. Qxh3 Rxh3 28. Re1 $11) 27. Kxg2 Ng4 (27... Nxe3+ {simplifies} 28. Bxe3 Rxe3 29. Nxd6 Re2+) 28. Kg1 Nfxe3 $40 {[%emt 0:10:54][%mdl 128] White needs to defend precisely. Black is much more active.} (28... Nxh2 29. Rf2 (29. Rxf5 Rxf5 30. Nxd6 Rf1+ 31. Kxh2 Rd8 $11) 29... Ng4 30. Rxf5 $1 Rxf5 31. Nxd6 $11) (28... Ngxe3 29. Re1 $11) 29. Re1 Rhe5 $1 (29... Rxh2 $2 30. Bxe3 (30. Nxd6 $2 Rg2+ 31. Kh1 Nf2#) 30... h6 31. Bf4 (31. Nxd6 Re5 $16) 31... Rxe1+ 32. Rxe1 $18) 30. Bd2 Nc2 {[%emt 0:02:43][%csl LRa1,LRe1] Prevents a5. Pair of Knights!} 31. Rxe5 dxe5 32. Ra2 Nd4 33. Nc7 Rd8 {[%emt 0:02:01] And now ...Nf3+ would win.} 34. Nd5 Nf6 ({Not} 34... Nxb3 35. Bc3 $17) (34... Nf3+ $1 $17 35. Kg2 Nxd2 36. Rxd2 Ne3+ 37. Kf2 Nxd5) 35. Nxb6 $11 Nf3+ 36. Kf2 $2 (36. Kg2 $11 {and White is okay.} Nxd2 37. a5) 36... Nxd2 $19 37. a5 Nde4+ ({And not} 37... Nxb3 38. a6 $11) 38. Ke1 Nd6 39. Rd2 Nfe4 {[%emt 0:00:39] Against a6} 40. Rd5 Re8 $2 (40... Rb8 $1 $19 {White must now prevent ...f6.} 41. Rxe5 Rb7) 41. a6 $17 Nc8 42. Nxc8 Rxc8 43. Rxe5 {[%emt 0:11:44][%mdl 4096] Endgame KRN-KR} Nd6 {[%emt 0:01:00] Strongly threatening ...Re8.} 44. Rd5 Ne8 {[%emt 0:01:30] ...Nf6 is the strong threat.} 45. a7 Ra8 46. Rd7 g6 47. Kd2 {[%emt 0:06:07] [#]} (47. g4 $17 {might work better.}) 47... Kg7 $1 $19 48. Ke3 {[%emt 0:02:23] [#]} (48. Rb7 $17) 48... Kf6 $1 49. Kf4 (49. g4 $142) 49... Ke6 50. Rb7 Nd6 51. Rc7 Nf5 52. g4 Nd4 53. Rxc5 Rxa7 ({Inferior is} 53... Nxb3 54. Rb5 $15) 54. Re5+ $2 (54. b4 {was forced.}) 54... Kf6 55. g5+ Kg7 56. Re3 Rb7 57. Ke4 Nxb3 58. Kd5 Na5 59. Rc3 Rd7+ 60. Kc5 Rc7+ 61. Kb5 {[%emt 0:00:05] [#]} Nxc4 $1 {[%emt 0:00:25] Threatens to win with ...Nd6+.} 62. Rxc4 (62. Rg3 Nd6+) 62... Rxc4 {[%emt 0:00:30] Black mates.} 63. Kxc4 {[%emt 0:00:00] K3P-KPP} h6 64. h4 f6 65. Kd3 fxg5 66. hxg5 hxg5 {[%emt 0:00:00] KP-KP} 67. Ke3 Kh6 68. Kf3 Kh5 69. Kg3 g4 70. Kg2 Kh4 71. Kh2 g3+ 72. Kg2 Kg4 73. Kg1 Kh3 74. Kh1 g2+ 75. Kg1 g5 {[%emt 0:00:00] Weighted Error Value: White=0.35/Black=0.15 (very precise)} 0-1

[Event "Turkish Championship 2022"]
[Site "Kemer-Antalya"]
[Date "2022.12.01"]
[Round "7.3"]
[White "Ozsakallioglu, Okan"]
[Black "Agdelen, Huseyin Can"]
[Result "1/2-1/2"]
[ECO "C00"]
[WhiteElo "2288"]
[BlackElo "2416"]
[Annotator "TA"]
[PlyCount "158"]
[EventDate "2022.11.25"]
[EventCountry "TUR"]
[SourceTitle "playchess.com"]
[Source "ChessBase"]
[SourceQuality "1"]
[TimeControl "40/5400+30:1800+30"]

1. e4 e6 2. Nf3 d5 3. d3 c5 4. g3 Nc6 5. Bg2 g6 6. Qe2 Nge7 7. O-O Bg7 8. e5 {[%emt 0:00:30] C00: French: Unusual White 2nd moves.} Qc7 9. Re1 b6 10. c4 O-O 11. Nc3 Ba6 {[%emt 0:02:30] [#]} 12. Bf4 $146 ({Predecessor:} 12. Nb5 Qd7 13. Bf4 Bxb5 14. cxb5 Na5 15. d4 c4 16. Reb1 Qxb5 17. b4 Nb7 18. a4 {1-0 (47) Debashis,D (2352)-Devangi,P (2078) Sort 2009}) 12... Rad8 13. Rac1 (13. Nb5 {seems wilder.} Qd7 14. Bg5 h6 15. Bf6) 13... dxc4 14. dxc4 Nd5 15. Nxd5 exd5 (15... Rxd5 $11 {keeps the balance.} 16. b3 Rd7) 16. e6 $16 Qe7 17. exf7+ $1 Qxf7 18. Ng5 Nd4 19. Qg4 (19. Qd1 $16 Qf5 20. Bh3 (20. cxd5 Rxd5 21. Bh3 Qd3 $11)) 19... Qf5 $11 20. Qxf5 (20. Bxd5+ $2 Rxd5 21. Qxf5 Rdxf5 $19) 20... Rxf5 21. b3 h6 22. Ne6 (22. Bxd5+ $2 {loses.} Rdxd5 23. Re8+ Rf8 24. Rxf8+ Bxf8 $19) 22... Nxe6 23. Rxe6 dxc4 24. bxc4 g5 25. Be3 (25. Rd6 $11 Rff8 26. Rcd1) 25... Rf7 (25... Bb2 $17 26. Re1 Bxc4 27. Rxh6 Bxa2) 26. Bd5 Bb7 27. Bxb7 Rxb7 28. Kg2 Rbd7 29. f4 (29. a4 $11 {might be stronger.}) 29... Kf7 $15 30. Re4 gxf4 31. Bxf4 Rd4 32. Re2 R8d7 33. Rcc2 Kg6 34. Re6+ Kf7 35. Rc6 h5 36. Kh3 Bf6 37. a4 Re4 38. a5 Re6 39. Rxe6 Kxe6 $11 {[%emt 0:00:01][%mdl 4096] Endgame KRB-KRB} 40. a6 Rd3 41. Ra2 {[%emt 0:04:10] Against Ra3} Rd8 42. Bc7 Rc8 43. Bf4 Rd8 44. Kg2 Kf5 45. Rf2 {[%emt 0:03:30] Black must now prevent Bc7+.} Be5 (45... Ke4 $11) 46. g4+ $1 $14 Ke4 $1 (46... Kxg4 47. Bxe5 Rd7 48. Rf4+ Kg5 49. h4+ Kh6 50. Kf3 $18) (46... hxg4 $2 47. Bg3+ Ke4 48. Re2+ Kd3 49. Rxe5 $18) 47. Bxe5 Kxe5 48. gxh5 {[%emt 0:04:55] aiming for Rf7. KR-KR} Rh8 $2 (48... Rg8+ $16 {is tougher.} 49. Kh3 Kd4) 49. Rd2 Ke6 {[%emt 0:01:42] Against Rd7} 50. Rd5 Rc8 (50... b5 {keeps fighting.} 51. Rxc5 bxc4 52. Rxc4 Kd6 53. Rd4+ Kc6) 51. h6 $18 b5 52. h7 bxc4 {[%emt 0:00:16] [#]} 53. Rxc5 Rh8 54. Rxc4 {[%emt 0:01:25] And now Rc7 would win.} Rxh7 {[%emt 0:00:04] [#]} 55. Rb4 $1 Rg7+ 56. Kf3 Rf7+ {[%emt 0:00:58] [#]} 57. Ke3 $2 (57. Kg3 $1 $18) 57... Rh7 $11 {[%emt 0:00:00] The position is equal.} 58. h4 Kd5 59. h5 Kc5 60. Rh4 Kb5 61. h6 Kxa6 62. Rh5 Kb6 63. Kf4 Rh8 $1 64. Kf5 Kb5 65. Kg6+ Kb4 66. Rh4+ Kb3 67. Rh3+ Kb4 68. Kg7 Rxh6 69. Rxh6 {[%emt 0:01:53] White threatens Ra6 and mate. KR-KP} a5 70. Kf6 {[%emt 0:00:00] Ke5 would kill now.} a4 71. Ke5 a3 72. Ra6 Kb3 73. Kd4 a2 74. Kd3 {[%emt 0:00:34] Intending Rb6+ and mate.} Kb2 75. Rb6+ Kc1 76. Rc6+ Kb2 77. Rb6+ Kc1 78. Ra6 Kb2 79. Rxa2+ Kxa2 {[%emt 0:00:00] Blacks defense is rewarded with a draw.   Weighted Error Value: White=0.17 (very precise) /Black=0.26 (precise)} 1/2-1/2